 Dungeon Crawl Stone Soup version 0.24.0-1-gfbc8707 (webtiles) character file.

Game seed: 13434724631169827669, levelgen mode: deterministic

347952 GekoRoach the Executioner (level 21, -4/217 HPs)
             Began as a Minotaur Berserker on Nov 2, 2019.
             Was a High Priest of Trog.
             Killed by the air
             ... invoked by a spriggan air mage
              (12 damage)
             ... on level 2 of the Depths on Nov 3, 2019.
             The game lasted 05:38:57 (59112 turns).

GekoRoach the Executioner (Minotaur Berserker)     Turns: 59112, Time: 05:38:58

Health: -4/217     AC: 47    Str: 31    XL:     21   Next: 22%
Magic:  3/6        EV:  8    Int:  6    God:    Trog [*****.]
Gold:   1923       SH:  5    Dex: 17    Spells: 20/20 levels left

rFire    + . .     SeeInvis .   T - +9 executioner's axe (antimagic)
rCold    . . .     Gourm    .   (shield currently unavailable)
rNeg     . . .     Faith    .   U - +8 crystal plate armour of Qisewo Vaph {Int+4}
rPois    +         Spirit   .   M - +2 hat
rElec    .         Reflect  +   O - +2 cloak
rCorr    .         Harm     .   a - +1 pair of gloves
MR       +....                  J - +2 pair of boots
Stlth    ..........             j - +5 amulet of reflection
HPRegen  0.46/turn              Z - ring of Xom's Bemusement {rF+ Str+3 Int-2 Dex+3}
MPRegen  0.10/turn              z - ring of poison resistance

@: about to teleport, marked, flayed, hasted, heavily drained, very quick
A: retaliatory headbutt, horns 2
}: 2/15 runes: decaying, gossamer
a: Berserk, Trog's Hand, Brothers in Arms, Renounce Religion


You were on level 2 of the Depths.
You worshipped Trog.
Trog was extremely pleased with you.
You were not hungry.

You visited 7 branches of the dungeon, and saw 38 of its levels.
You also visited: Ossuary.

You collected 4793 gold pieces.
You spent 2870 gold pieces at shops.

Inventory:

Hand Weapons
 T - a +9 antimagic executioner's axe (weapon)
Armour
 a - a +1 pair of gloves (worn)
 J - a +2 pair of boots (worn)
 M - a +2 hat (worn)
 O - a +2 cloak (worn)
 U - the +8 crystal plate armour of Qisewo Vaph (worn) {Int+4}
   (You acquired it on level 2 of the Lair of Beasts)

   It affects your intelligence (+4).
Jewellery
 j - a +5 amulet of reflection (around neck)
 l - an uncursed ring of ice
 m - a +4 ring of protection
 u - an uncursed ring of fire
 v - an uncursed ring of resist corrosion
 w - an uncursed ring of protection from fire
 z - a ring of poison resistance (right hand)
 V - an uncursed ring of magical power
 Y - the amulet of Vitality {Regen+ HP+15}
   (You took it off a mummy priest on level 1 of the Depths)

   [amulet of regeneration]

   It affects your health (+15).
   It increases your rate of regeneration.
 Z - the ring of Xom's Bemusement (left hand) {rF+ Str+3 Int-2 Dex+3}
   (You bought it in a shop on level 2 of the Orcish Mines)

   [ring of protection from fire]

   It affects your strength (+3).
   It affects your intelligence (-2).
   It affects your dexterity (+3).
   It protects you from fire.
Wands
 h - a wand of disintegration (35)
 k - a wand of scattershot (16)
 o - a wand of enslavement (11)
 r - a wand of polymorph (10)
 D - a wand of flame (89)
 K - a wand of digging (8)
 Q - a wand of acid (29)
 W - a wand of random effects (22)
 X - a wand of paralysis (14)
Scrolls
 b - 8 scrolls of fog
 e - 22 scrolls of remove curse
 g - 19 scrolls of teleportation
 s - 6 scrolls of fear
 x - 2 scrolls of brand weapon
 y - 17 scrolls of identify
 F - 6 scrolls of magic mapping
 G - 3 scrolls of blinking
 H - 9 scrolls of enchant armour
 I - 4 scrolls of holy word
 L - a scroll of silence
 R - 2 scrolls of noise {unknown}
 S - a scroll of enchant weapon
Potions
 d - a potion of resistance
 f - 2 potions of ambrosia
 i - 10 potions of might
 n - 4 potions of agility
 p - 6 potions of flight
 q - a potion of experience {unknown}
 t - 15 potions of curing
 A - 6 potions of heal wounds
 B - 3 potions of invisibility
 C - 4 potions of haste
 E - a potion of cancellation
 N - 4 potions of mutation {unknown}
 P - 7 potions of degeneration {unknown}
Comestibles
 c - 17 rations


   Skills:
 + Level 25.1(23.2) Fighting
 - Level 26.0(24.0) Axes
 + Level 21.8(20.0) Armour
 + Level 2.3(1.1) Dodging


You had 20 spell levels left.
You didn't know any spells.
Your spell library was empty.

Dungeon Overview and Level Annotations

Branches:
Dungeon (15/15)            Temple (0/1) D:5            Lair (6/6) D:9
  Swamp (4/4) Lair:3       Spider (4/4) Lair:3        Slime (0/5) Lair:5
    Orc (2/2) D:12            Elf (0/3) Orc:2        Vaults (5/5) D:13
  Crypt (0/3) Vaults:2     Depths (2/5) D:15        Ossuary (visited)

Altars:
Cheibriados
Fedhas
Hepliaklqana
Makhleb
Okawaru
Trog
Wu Jian
Zin
The Shining One
Beogh

Shops:
D:14 *   Orc:2 :=?*   Depths:1 !(!

Portals:
Hell: Depths:1 Depths:2
Abyss: Depths:1
Trove: Vaults:3 (give 2 scrolls of acquirement)

Annotations:
D:14 Roxanne


Innate Abilities, Weirdness & Mutations

You reflexively headbutt those who attack you in melee.
You have a pair of horns on your head.


Message History

As you read the scroll of teleportation, it crumbles to dust.
You feel strangely unstable.
The caustic shrike claws you but does no damage.
The spriggan defender hits you but does no damage.
You feel drained.
The caustic shrike claws you but does no damage.
The frost giant points at you and mumbles some strange words.
The bolt of cold hits you!!
* * * LOW HITPOINT WARNING * * *
A brown very ugly thing comes into view.
The flayed ghost cries, "Feel what I felt!"
The spriggan air mage waves its arms in wide circles.
The air twists around and strikes you. The frost giant closely misses you.
The caustic shrike claws you but does no damage.
A brown very ugly thing comes into view.
The flayed ghost stares at you with tortured malice.
A brown very ugly thing comes into view.
The spriggan air mage waves its arms in wide circles.
The air twists around and strikes you!
You die...

#.#.))....>..##
#.#....#####.#
##.##...####..#
##..##.........#
#####...###........# ...
.........# #........# ...
........###....)..<## ....
........##....##([..# '....
...ui.uCb@....##[[..#
#...##.u###..#......((...#
?#...u#.##.##.###....(...##
$u...i'.....#i###.......##
#.## ##XC###.....##
##.u###ii.##.....##
#..)i.HiW........#
##.....cD......).)#
#..D?.........#####


You could see a caustic shrike, a frost giant, 3 very ugly things and a spriggan
air mage.

Vanquished Creatures
  A greater mummy (Depths:1)
  Bai Suzhen (Vaults:4)
  Saint Roka (Depths:1)
  A caustic shrike (Depths:2)
  Asterion (Spider:3)
  2 tengu reavers (Vaults:1)
  An ancient champion (Vaults:1)
  4 sphinxes
  Donald (Orc:2)
  9 thorn hunters
  A draconian knight (Vaults:1)
  A frost giant (Vaults:4)
  A fire giant (Vaults:3)
  2 ghost moths (Spider:4)
  9 vault wardens
  An orc warlord (Vaults:4)
  Aizul (Vaults:3)
  3 emperor scorpions (Spider:4)
  7 ironheart preservers
  4 very ugly things
  8 stone giants
  5 entropy weavers
  3 spark wasps
  A dire elephant (D:15)
  11 ettins
  A merfolk impaler (Depths:1)
  4 mummy priests (Depths:1)
  4 fire dragons
  7 yaktaur captains
  5 great orbs of eyes
  3 rakshasas
  A spriggan air mage (Depths:2)
  18 hydras
  9 vault guards
  A ghost crab (Swamp:4)
  A merfolk avatar (Lair:6)
  6 centaur warriors
  A catoblepas (D:14)
  2 death knights
  11 ogre magi
  3 shambling mangroves
  2 deep troll shamans
  39 two-headed ogres
  3 deep troll earth magi
  13 alligators
  5 tengu warriors
  Urug (Lair:3)
  An orc high priest (Orc:1)
  A deep elf knight (Vaults:3)
  18 hell knights
  A queen ant (D:12)
  9 skeletal warriors (Vaults:2)
  2 fire crabs (Swamp:4)
  12 deep trolls
  3 spriggan druids
  5 unseen horrors
  2 flayed ghosts
  A glowing orange brain (Depths:1)
  4 wizards
  8 swamp dragons
  12 ironbrand convokers
  17 orc knights
  2 phantasmal warriors (D:10)
  2 deep elf archers
  24 ugly things
  23 wolf spiders
  11 necromancers
  3 deep elf magi
  An orb spider (shapeshifter) (Vaults:2)
  An orc sorcerer (Vaults:1)
  5 cyclopes
  15 orb spiders
  A tengu skeleton (Vaults:2)
  3 manticores
  A faun (Lair:1)
  A salamander (D:15)
  41 slime creatures
  19 elephants
  A moth of wrath (Spider:4)
  15 vault sentinels
  10 black mambas
  4 molten gargoyles (D:15)
  The ghost of lollipopguild the Chopper, a novice MiFi of Trog (D:6)
  A stone giant skeleton (Vaults:2)
  5 gargoyles
  2 torpor snails (Spider:2)
  A torpor snail (shapeshifter) (Vaults:3)
  20 spiny frogs
  44 yaktaurs
  14 demonic crawlers
  4 komodo dragons
  5 freezing wraiths
  6 human skeletons (Vaults:2)
  2 efreet (D:14)
  5 rime drakes
  3 guardian mummies (Depths:1)
  13 trolls
  A polar bear (Lair:6)
  4 tengu conjurers
  2 meliai (shapeshifter)
  2 merfolk
  26 hornets
  A merfolk (shapeshifter) (D:14)
  34 jumping spiders
  7 tyrant leeches
  29 blink frogs
  Prince Ribbit (D:5)
  5 large abominations (Depths:1)
  A wind drake (Lair:6)
  7 bog bodies
  6 hippogriffs
  10 dream sheep (Lair:6)
  2 tarantellas (shapeshifter)
  57 redbacks
  4 shadows
  A vampire (D:9)
  Sigmund (D:6)
  12 spriggans
  A water elemental (Depths:1)
  5 wraiths
  A fire elemental (D:15)
  2 wyverns
  23 tarantellas
  A yak (shapeshifter) (Vaults:1)
  A steam dragon (D:12)
  33 yaks
  4 basilisks
  A human (shapeshifter) (Vaults:1)
  4 hungry ghosts
  14 vampire mosquitoes
  A chaos spawn (Depths:1)
  Menkaure (D:6)
  8 soldier ants
  5 wargs
  4 acid dragons
  33 insubstantial wisps
  12 swamp worms
  8 porcupines
  19 water moccasins
  A deep troll skeleton (Vaults:2)
  28 orc warriors
  7 swamp drakes
  7 ice beasts
  A hornet zombie (D:14)
  A black bear (D:7)
  43 ogres
  5 phantoms
  3 necrophages
  4 sky beasts
  50 wolves
  A boggart (Vaults:2)
  An orc skeleton (Vaults:2)
  17 centaurs
  9 crocodiles
  6 elf zombies (Ossuary)
  4 big kobolds
  14 bullfrogs
  A gnoll sergeant (Orc:2)
  8 small abominations (Depths:1)
  A wyvern skeleton (D:14)
  5 scorpions
  A water moccasin skeleton (D:5)
  5 killer bees (D:13)
  11 wights
  4 electric eels
  6 howler monkeys
  A lava snake (D:15)
  9 crimson imps
  A quasit (D:9)
  3 bullfrog zombies
  6 jellies
  Crazy Yiuf (D:2)
  6 centaur zombies
  6 hounds
  A human simulacrum (Vaults:1)
  A bullfrog skeleton (D:11)
  5 centaur skeletons
  21 orc priests
  A wyvern simulacrum (D:14)
  27 orc wizards
  3 iguanas
  Jessica (D:2)
  2 human zombies (Ossuary)
  26 worker ants
  A hound zombie (D:7)
  2 hound skeletons
  5 mummies
  A worker ant zombie (D:9)
  Robin (D:2)
  9 gnolls
  24 adders
  An adder (shapeshifter) (Vaults:3)
  5 white imps (D:6)
  A worker ant simulacrum (D:6)
  2 adder zombies (D:9)
  3 oozes
  An adder skeleton (D:10)
  6 worms
  5 dart slugs
  6 leopard geckos
  89 orcs
  18 giant cockroaches
  14 goblins
  7 hobgoblins
  7 jackals
  22 kobolds
  6 quokkas
  2 ball pythons
  8 bats
  6 frilled lizards
  A leopard gecko skeleton (D:4)
  A quokka skeleton (D:5)
  5 rats
  6 briar patches (Swamp:1)
  5 fungi
  5 plants
1659 creatures vanquished.

Vanquished Creatures (collateral kills)
  Arachne (Spider:3)
  An entropy weaver (D:12)
  A hydra (Lair:5)
  2 vault guards (D:13)
  An ogre mage (Vaults:4)
  6 two-headed ogres
  An alligator (Swamp:4)
  A tengu warrior (D:15)
  A wizard (Vaults:1)
  A swamp dragon (Swamp:4)
  A deep elf archer (Vaults:1)
  4 orc knights
  A wolf spider (Spider:4)
  2 orb spiders
  A deep elf mage (D:15)
  An orc sorcerer (D:13)
  4 ugly things
  A vault sentinel (Vaults:1)
  A tengu conjurer (D:13)
  A jumping spider (Spider:3)
  A tyrant leech (Swamp:4)
  A hornet (Swamp:1)
  A redback (Spider:4)
  4 spriggans
  A human (D:13)
  A swamp worm (Swamp:4)
  A porcupine (Lair:1)
  6 orc warriors
  2 centaurs (Vaults:1)
  A jelly (D:15)
  An orc priest (Vaults:4)
  A shadow imp (D:15)
54 creatures vanquished.

Vanquished Creatures (others)
  A yaktaur captain (Vaults:1)
  A fire dragon (Swamp:4)
  A two-headed ogre (Vaults:4)
  A lindwurm (Swamp:4)
  An orb spider (Spider:3)
  A yaktaur (Vaults:3)
  A redback (Spider:3)
  A spriggan (Swamp:2)
  A tarantella (Spider:3)
  2 steam dragons (Swamp:4)
  An insubstantial wisp (Swamp:4)
  9 swamp drakes (Swamp:4)
  A centaur (Vaults:1)
  A jelly (D:14)
  11 fungi
  17 plants
51 creatures vanquished.

Grand Total: 1764 creatures vanquished

Notes
Turn   | Place    | Note
-------+----------+-------------------------------------------
     0 | D:1      | GekoRoach the Minotaur Berserker began the quest for the
                  | Orb.
     0 | D:1      | Reached XP level 1. HP: 19/19 MP: 0/0
    62 | D:1      | Reached XP level 2. HP: 27/27 MP: 1/1
   112 | D:1      | Reached skill level 4 in Axes
   361 | D:1      | Reached XP level 3. HP: 33/33 MP: 2/2
   392 | D:1      | Reached ** piety under Trog
   684 | D:2      | Reached skill level 5 in Axes
  1006 | D:2      | Reached XP level 4. HP: 40/40 MP: 3/3
  1168 | D:2      | Noticed Robin
  1169 | D:2      | Noticed Jessica
  1190 | D:2      | Killed Robin
  1191 | D:2      | Killed Jessica
  1191 | D:2      | Reached *** piety under Trog
  1438 | D:2      | Found a runed translucent door.
  1439 | D:2      | Noticed Crazy Yiuf
  1631 | D:2      | Found a bloodstained altar of Trog.
  1847 | D:2      | Killed Crazy Yiuf
  1847 | D:2      | Reached skill level 6 in Axes
  1847 | D:2      | Reached XP level 5. HP: 24/47 MP: 1/4
  3226 | D:4      | Reached **** piety under Trog
  3226 | D:4      | Reached XP level 6. HP: 32/55 MP: 3/5
  3370 | D:4      | Reached skill level 7 in Axes
  3428 | D:4      | Reached skill level 5 in Fighting
  4061 | D:5      | Entered Level 5 of the Dungeon
  4153 | D:5      | Reached XP level 7. HP: 36/61 MP: 3/6
  4154 | D:5      | Reached skill level 8 in Axes
  4467 | D:5      | Reached skill level 5 in Armour
  4534 | D:5      | Reached ***** piety under Trog
  4701 | D:5      | Reached skill level 9 in Axes
  4981 | D:5      | Noticed Prince Ribbit
  4989 | D:5      | Killed Prince Ribbit
  4989 | D:5      | Reached XP level 8. HP: 69/69 MP: 5/7
  5043 | D:5      | Found a staircase to the Ecumenical Temple.
  5176 | D:5      | Found an ornate altar of the Wu Jian Council.
  5277 | D:6      | Noticed Menkaure
  5282 | D:6      | Reached skill level 10 in Axes
  5285 | D:6      | Killed Menkaure
  5462 | D:6      | Found a snail-covered altar of Cheibriados.
  5463 | D:6      | Found a burning altar of Makhleb.
  5588 | D:6      | Noticed lollipopguild's ghost (novice MiFi)
  5611 | D:6      | Found a runed translucent gate.
  5611 | D:6      | Found a runed translucent gate.
  5611 | D:6      | Found a runed translucent gate.
  5660 | D:6      | Noticed Sigmund
  5676 | D:6      | Killed Sigmund
  5676 | D:6      | Reached skill level 11 in Axes
  6099 | D:6      | Killed lollipopguild's ghost
  6099 | D:6      | Reached XP level 9. HP: 77/77 MP: 5/8
  6100 | D:6      | Reached skill level 12 in Axes
  7127 | D:7      | Found an iron altar of Okawaru.
  7308 | D:7      | Found a blossoming altar of Fedhas.
  7308 | D:7      | Found a glowing golden altar of the Shining One.
  7696 | D:8      | Found a sand-covered staircase.
  7707 | Ossuary  | Entered an ossuary
  7722 | Ossuary  | Reached skill level 13 in Axes
  8256 | D:8      | Reached XP level 10. HP: 87/87 MP: 9/9
  9027 | D:9      | Reached skill level 14 in Axes
  9416 | D:9      | Found a staircase to the Lair.
  9439 | D:9      | Received a gift from Trog
  9990 | D:10     | Entered Level 10 of the Dungeon
 10252 | D:10     | Reached skill level 15 in Axes
 10687 | D:10     | Noticed a phantasmal warrior
 10697 | D:10     | Killed a phantasmal warrior
 11151 | D:10     | Noticed a death knight
 11151 | D:10     | Noticed a phantasmal warrior
 11165 | D:10     | Killed a phantasmal warrior
 11174 | D:10     | Killed a death knight
 11174 | D:10     | Reached XP level 11. HP: 76/94 MP: 10/10
 11651 | D:11     | Reached skill level 16 in Axes
 12100 | D:11     | Killed an unseen horror
 12299 | D:11     | Reached skill level 10 in Armour
 12325 | D:11     | Noticed a two-headed ogre
 12351 | D:11     | Killed a two-headed ogre
 12798 | D:11     | Identified the +1 chain mail of Kleptomania {*Drain +Inv
                  | Dex+5 SInv}
 13026 | D:11     | Reached skill level 17 in Axes
 13365 | D:12     | Noticed a five-headed hydra
 13692 | D:12     | Noticed an entropy weaver
 13694 | D:12     | Reached skill level 10 in Fighting
 13712 | D:12     | Killed an entropy weaver
 13712 | D:12     | Reached XP level 12. HP: 76/105 MP: 11/11
 14079 | D:12     | Reached skill level 18 in Axes
 14147 | D:12     | Found a staircase to the Orcish Mines.
 14248 | D:12     | Found a roughly hewn altar of Beogh.
 14304 | D:12     | Received a gift from Trog
 14332 | D:12     | Noticed a queen ant
 14426 | D:12     | Killed a queen ant
 14453 | D:12     | Noticed an entropy weaver
 14461 | D:12     | Killed an entropy weaver
 14484 | D:12     | Killed an eight-headed hydra
 14941 | D:13     | Noticed a two-headed ogre
 14946 | D:13     | Killed a two-headed ogre
 15111 | D:13     | Received a gift from Trog
 15125 | D:13     | Reached skill level 19 in Axes
 15431 | D:13     | Noticed a vault guard
 15556 | D:13     | Noticed a vault guard
 15699 | D:13     | Killed a vault guard
 15713 | D:13     | Killed a vault guard
 15798 | D:13     | Found a gate to the Vaults.
 15798 | D:13     | Noticed a vault guard
 15798 | D:13     | Noticed a vault guard
 15807 | D:13     | Killed a vault guard
 15811 | D:13     | Killed a vault guard
 15811 | D:13     | Reached XP level 13. HP: 115/115 MP: 12/12
 16417 | D:14     | Reached skill level 20 in Axes
 16806 | D:14     | Found Qitreic's Assorted Antiques.
 16966 | D:14     | Bought a scroll of remove curse for 93 gold pieces
 16966 | D:14     | Bought a scroll of teleportation for 93 gold pieces
 16966 | D:14     | Bought a scroll of identify for 62 gold pieces
 16966 | D:14     | Bought a scroll labeled CAUL XYIBIJODU for 31 gold pieces
 16966 | D:14     | Bought a potion of curing for 93 gold pieces
 16977 | D:14     | Identified 2 scrolls of acquirement
 17455 | D:14     | Noticed Roxanne
 17589 | D:14     | Received a gift from Trog
 18557 | D:15     | Entered Level 15 of the Dungeon
 19344 | Lair:1   | Entered Level 1 of the Lair of Beasts
 19544 | Lair:1   | Reached skill level 21 in Axes
 19557 | Lair:1   | HP: 2/118 [wolf (7)]
 20549 | Lair:1   | Reached XP level 14. HP: 126/126 MP: 4/13
 21596 | Lair:2   | Got a steaming crystal plate armour
 21611 | Lair:2   | Identified the +8 crystal plate armour of Qisewo Vaph
                  | {Int+4} (You acquired it on level 2 of the Lair of Beasts)
 22188 | Lair:2   | Found a glowing silver altar of Zin.
 23118 | Lair:3   | Found a hole to the Spider Nest.
 23229 | Lair:3   | Found a staircase to the Swamp.
 23563 | Lair:3   | Noticed Urug
 23572 | Lair:3   | Killed Urug
 23744 | Lair:4   | Reached skill level 22 in Axes
 24512 | Lair:5   | Found a staircase to the Slime Pits.
 24726 | Lair:5   | Received a gift from Trog
 24879 | Lair:5   | Found a hazy altar of Hepliaklqana.
 25628 | Lair:5   | Found the +8 whip "Snakebite" {curare, rPois}
 25782 | Lair:6   | Entered Level 6 of the Lair of Beasts
 25845 | Lair:6   | Reached skill level 23 in Axes
 26124 | Lair:6   | Reached XP level 15. HP: 104/136 MP: 14/14
 27396 | Lair:6   | Received a gift from Trog
 27617 | Orc:1    | Entered Level 1 of the Orcish Mines
 28109 | Orc:2    | Entered Level 2 of the Orcish Mines
 28510 | Orc:2    | Found a staircase to the Elven Halls.
 28515 | Orc:2    | Noticed Donald
 28524 | Orc:2    | Killed Donald
 28804 | Orc:2    | Found Qaulost's Book Shoppe.
 28855 | Orc:2    | Reached skill level 24 in Axes
 28877 | Orc:2    | Reached ****** piety under Trog
 28890 | Orc:2    | Received a gift from Trog
 29173 | Orc:2    | Got an iridescent battleaxe {god gift}
 29174 | Orc:2    | Identified the +2 battleaxe of the Evening {flame, SInv}
                  | (Trog gifted it to you on level 2 of the Orcish Mines)
 29219 | Orc:2    | Found Orucog's Magic Scroll Shop.
 29245 | Orc:2    | Found Fikhonef's Jewellery Shoppe.
 29264 | Orc:2    | Bought the ring of Xom's Bemusement {rF+ Str+3 Int-2 Dex+3}
                  | for 525 gold pieces
 29264 | Orc:2    | Bought an uncursed ring of poison resistance for 260 gold
                  | pieces
 29280 | Orc:2    | Found Zuarev's Assorted Antiques.
 29324 | Orc:2    | Bought a scroll of identify for 20 gold pieces
 29324 | Orc:2    | Bought a scroll of remove curse for 30 gold pieces
 29324 | Orc:2    | Bought a scroll of enchant armour for 75 gold pieces
 29324 | Orc:2    | Bought a scroll of enchant weapon for 75 gold pieces
 29324 | Orc:2    | Bought a scroll of enchant weapon for 75 gold pieces
 29331 | Orc:2    | Bought a scroll of teleportation for 87 gold pieces
 29331 | Orc:2    | Bought a potion of curing for 87 gold pieces
 30515 | D:15     | Found a staircase to the Depths.
 30523 | D:15     | Reached XP level 16. HP: 99/146 MP: 5/15
 30953 | D:15     | Reached skill level 25 in Axes
 31370 | Spider:1 | Entered Level 1 of the Spider Nest
 32565 | Spider:2 | Received a gift from Trog
 33991 | Spider:3 | Reached skill level 15 in Armour
 34016 | Spider:3 | Reached skill level 15 in Fighting
 34887 | Spider:3 | Received a gift from Trog
 35104 | Spider:3 | Noticed Asterion
 35117 | Spider:3 | Killed Asterion
 35145 | Spider:3 | Noticed Arachne
 35152 | Spider:3 | Killed Arachne
 35495 | Spider:4 | Entered Level 4 of the Spider Nest
 36261 | Spider:4 | Received a gift from Trog
 36660 | Spider:4 | Reached XP level 17. HP: 85/156 MP: 0/16
 37608 | Spider:4 | Got a gossamer rune of Zot
 37844 | Swamp:1  | Entered Level 1 of the Swamp
 38492 | Swamp:1  | Got a crude hand axe
 38493 | Swamp:1  | Identified the cursed +2 hand axe of Dim Light {speed,
                  | Str+3} (You found it on level 1 of the Swamp)
 39321 | Swamp:2  | Reached skill level 26 in Axes
 41434 | Swamp:4  | Entered Level 4 of the Swamp
 41616 | Swamp:4  | Reached XP level 18. HP: 100/171 MP: 17/17
 42091 | Swamp:4  | Got a decaying rune of Zot
 42960 | Vaults:1 | Entered Level 1 of the Vaults
 43438 | Vaults:1 | Received a gift from Trog
 45941 | Vaults:2 | Received a gift from Trog
 46465 | Vaults:2 | Reached XP level 19. HP: 183/187 MP: 6/18
 46476 | Vaults:2 | Paralysed by a great orb of eyes for 4 turns
 47392 | Vaults:2 | Received a gift from Trog
 47672 | Vaults:2 | Found a staircase to the Crypt.
 48658 | Vaults:3 | Received a gift from Trog
 49404 | Vaults:3 | Noticed Aizul
 49420 | Vaults:3 | Killed Aizul
 52144 | Vaults:3 | Found a portal to a secret trove of treasure.
 52721 | Vaults:4 | Reached XP level 20. HP: 202/202 MP: 6/19
 53052 | Vaults:4 | Received a gift from Trog
 53239 | Vaults:4 | Noticed Bai Suzhen
 53327 | Vaults:4 | Killed Bai Suzhen
 54833 | Vaults:5 | Entered Level 5 of the Vaults
 54833 | Vaults:5 | Noticed an ancient lich
 55085 | Depths:1 | Entered Level 1 of the Depths
 55231 | Depths:1 | Found a gateway to Hell.
 55613 | Depths:1 | Received a gift from Trog
 55958 | Depths:1 | Found Cumpunn's Distillery.
 55964 | Depths:1 | Found Akaaq's Weapon Emporium.
 55968 | Depths:1 | Bought a potion of curing for 48 gold pieces
 55968 | Depths:1 | Bought a potion of might for 64 gold pieces
 55968 | Depths:1 | Bought a potion of haste for 160 gold pieces
 55968 | Depths:1 | Bought a potion of heal wounds for 80 gold pieces
 56229 | Depths:1 | Found Leoblar's Distillery.
 56237 | Depths:1 | Bought 2 potions of haste for 380 gold pieces
 56237 | Depths:1 | Bought a potion of resistance for 190 gold pieces
 56237 | Depths:1 | Bought a potion of heal wounds for 95 gold pieces
 56237 | Depths:1 | Bought a potion of haste for 190 gold pieces
 56237 | Depths:1 | Bought a potion of curing for 57 gold pieces
 56436 | Depths:1 | Found a one-way gate to the infinite horrors of the Abyss.
 56564 | Depths:1 | Noticed Saint Roka
 56587 | Depths:1 | Killed Saint Roka
 57235 | Depths:1 | Paralysed by a sphinx for 3 turns
 57243 | Depths:1 | Paralysed by a sphinx for 2 turns
 57632 | Depths:1 | Noticed a greater mummy
 57649 | Depths:1 | Killed a greater mummy
 58197 | Depths:2 | Reached XP level 21. HP: 214/215 MP: 6/20
 58515 | Depths:2 | Noticed a caustic shrike
 58530 | Depths:2 | Killed a caustic shrike
 58538 | Depths:2 | HP: 3/217 [caustic shrike simulacrum (53)]
 59093 | Depths:2 | Noticed a caustic shrike
 59109 | Depths:2 | HP: 7/217 [frost giant/bolt of cold (32)]
 59112 | Depths:2 | Killed from afar by a spriggan air mage

Levels and vault maps discovered:
D:1:      minmay_arrival_glassed_features, layout_loops_ring,
          minmay_misc_feat_encased
D:2:      layout_basic, bloody_trog, uniq_jessica, uniq_crazy_yiuf_cottage,
          uniq_robin
D:3:      minmay_roachtagon, layout_basic, st_stairs_10
D:4:      layout_gridville
D:5:      layout_cave_pools, kennysheep_mini_moat, temple_doors_e, first_ration,
          abandoned_shop, uniq_prince_ribbit1
D:6:      layout_basic, lemuel_round_altar, gammafunk_ghost_icy, bloody_makhleb,
          uniq_menkaure, uniq_sigmund
D:7:      layout_layer_cave, lemuel_round_altar,
          gammafunk_temple_overflow_elements
D:8:      layout_basic, chequers_ossuary_entry_cave
D:9:      layout_gridville, lair_entry_dummy, hangedman_fish_farm
D:10:     layout_basic, feat_on_display
D:11:     kb_forest_paths, layout_basic, st_stairs_9
D:12:     layout_cave_pools, minmay_orc_entry_temple_small,
          minmay_another_anthill
D:13:     layout_loops_ring, grunt_vaults_entry_fortified,
          wad_floor_pattern_untrapped
D:14:     layout_long_grid, serial_shops, shop, nrook_loot_triangle,
          uniq_roxanne
D:15:     hangedman_depths_entry_try_elsewhere_first, layout_loops_cross,
          minmay_misc_feat_x, minivault_8
Lair:1:   layout_long_grid, nicolae_quartered_pool_medium,
          grunt_forest_large_clearings
Lair:2:   layout_cave_pods, basic_altar, serial_bayou_lagoon_a
Lair:3:   layout_chaotic_city, minmay_swamp_entry_eels,
          nicolae_spider_entry_non_spiders, lemuel_fruit_tree, uniq_urug
Lair:4:   layout_long_grid, lemuel_fruit_fields, serial_bayou_shore_b,
          grunt_megastairs_4
Lair:5:   minmay_guarded_unrand_snakebite, layout_cave_shapes,
          minmay_slime_entry_pillars, basic_altar,
          chequers_serial_rivers_micro_c, cheibrodos_lair_reptile_den,
          infiniplex_staircase_pool
Lair:6:   gammafunk_lair_ancient_temple, layout_regular_city
Swamp:1:  layout_falls_marsh, hangedman_swamp_ruin_wall
Swamp:2:  layout_basic_swamp, evilmike_swamp_ruin_rubble_1
Swamp:3:  layout_basic_swamp, serial_swamp_ruin, evilmike_swamp_ruin_house_2,
          evilmike_swamp_ruin_house_6, evilmike_swamp_ruin_rubble_2
Swamp:4:  swamp_fiery, layout_basic_swamp, infiniplex_staircase_pool_2
Spider:1: layout_chambers
Spider:2: layout_spider_delve
Spider:3: layout_chambers, uniq_asterion, uniq_arachne
Spider:4: spider_rune_water, ebering_ghost_rock_garden
Orc:1:    layout_caves
Orc:2:    st_orc_open, layout_diamond_mine, uniq_donald
Vaults:1: vaults_room_stairs_pillars, vaults_room_door_ring,
          vaults_standard_mumra_enter_the_diamond,
          nicolae_vaults_little_squares_2, vaults_standard_mumra_lines,
          v_misc_29, sword_in_stone, dpeg_vaults_monster_box,
          nicolae_vaults_yaktaur_gun_rack, layout_vaults_quadrants
Vaults:2: ontoclasm_vaults_twist, v_misc_30, hangedman_vaults_stitches,
          vaults_mumra_minichess, minmay_crypt_entry_skeletal_spiral,
          nicolae_vaults_border_crossing, v_alt_pattern_5,
          ontoclasm_vaults_fault, layout_vaults_ring
Vaults:3: v_misc_13, nicolae_vaults_lopsided_apartments, v_alt_pattern_2,
          v_rooms_6, nicolae_vaults_what_the_h, ontoclasm_vaults_shuriken,
          v_misc_16, nicolae_vaults_network_square, vaults_room_door_ring,
          v_misc_16, v_misc_14, nicolae_vaults_shelves_hall,
          nicolae_vaults_mini_display_case, layout_vaults_omnicross,
          enter_trove_1, uniq_aizul
Vaults:4: ontoclasm_vaults_ring_large, hangedman_vaults_pinch,
          nicolae_vaults_ring_of_whatevers, vaults_room_corners,
          grunt_vaults_hallway_short, ontoclasm_vaults_idyll, v_misc_16,
          ontoclasm_vaults_ring_square, vaults_room_ringed_pool, v_misc_14,
          hangedman_vaults_snaps, vaults_mumra_chevron_long, v_misc_27,
          ontoclasm_vaults_gateway, special_room_vaults [special_room_orc],
          layout_vaults_omnibox, uniq_bai_suzhen
Vaults:5: uniq_sojobo, uniq_margery
Depths:1: ragdoll_tomb_raider, layout_gridlike, hex_tiny, serial_shops,
          shop_fountains, minmay_room_of_horrors, hell_entry, st_stairs_8,
          chequers_serial_rivers_room_a, lemuel_another_geyser,
          minmay_shoptagon, uniq_saint_roka
Depths:2: minmay_central_circle, layout_cave_shapes, enter_ziggurat_c,
          infiniplex_staircase_zigzag_5, grunt_metal_band

Skill      XL: |  1  2  3  4  5  6  7  8  9 10 11 12 13 14 15 16 17 18 19 20 21 |
---------------+----------------------------------------------------------------+-----
Axes           | 4 5 6 7 9 11 13 15 17 19 21 23 24 25 26 | 26.0
Fighting       | 4 5 6 7 8 10 11 12 13 14 15 17 20 22 24 25 | 25.1
Armour         | 3 4 5 6 7 9 10 11 12 13 14 16 18 19 20 21 | 21.8
Dodging        | |  2.3

Action                   |  1- 3 |  4- 6 |  7- 9 | 10-12 | 13-15 | 16-18 | 19-21 || total
-------------------------+-------+-------+-------+-------+-------+-------+-------++-------
Melee: Hand axe          |    83 |   164 |    35 |       |       |     5 |       ||   287
       Headbutt          |    10 |    30 |    67 |   142 |   272 |   444 |   254 ||  1219
       War axe           |       |       |   245 |   207 |       |       |       ||   452
       Battleaxe         |       |       |       |   510 |   156 |   560 |     2 ||  1228
       Executioner's axe |       |       |       |       |   692 |   266 |   846 ||  1804
       Whip              |       |       |       |       |   237 |   646 |       ||   883
Invok: Berserk           |       |     4 |     7 |    21 |    13 |    16 |     8 ||    69
       Trog's Hand       |       |       |     1 |     4 |     3 |     5 |     9 ||    22
       Brothers in Arms  |       |       |       |     5 |     8 |    18 |     4 ||    35
Evoke: Wand              |       |       |       |     6 |    10 |     1 |     5 ||    22
  Use: Scroll            |       |       |    11 |       |    22 |    11 |     8 ||    52
       Potion            |       |       |       |       |     2 |     7 |     8 ||    17
 Stab: Distracted        |       |       |       |     2 |       |     1 |     1 ||     4
       Confused          |       |       |       |       |       |     1 |       ||     1
  Eat: Chunk             |       |    10 |     7 |    35 |    37 |    24 |    12 ||   125
       Ration            |       |     1 |     4 |     6 |     8 |    15 |    12 ||    46
Armor: Animal skin       |    25 |       |       |       |       |       |       ||    25
       Ring mail         |    14 |    48 |    15 |       |       |       |       ||    77
       Plate armour      |       |       |    93 |   346 |   302 |       |       ||   741
       Crystal plate arm |       |       |       |       |   632 |  1269 |   541 ||  2442
Dodge: Dodged            |    70 |    84 |    90 |   285 |   474 |   431 |   223 ||  1657
Block: Other             |       |       |       |       |   144 |   261 |   123 ||   528
       Reflection        |       |       |       |       |     7 |     9 |    15 ||    31
